 Dungeon Crawl Stone Soup version 0.21-a0-196-g6a663c0 (webtiles) character file.

22011 Jeffwins the Arsonist (level 12, -7/130 HPs)
             Began as an Ogre Fire Elementalist on Aug 16, 2017.
             Was an Elder of Yredelemnul.
             Killed from afar by a flying skull (30 damage)
             ... with an exploding inner flame
             ... created by the player character
             ... hexed by the player character
             ... on level 5 of the Lair of Beasts.
             The game lasted 00:50:30 (18267 turns).

Jeffwins the Arsonist (Ogre Fire Elementalist)     Turns: 18267, Time: 00:50:30

Health: -7/130     AC:  7    Str: 15    XL:     12   Next: 96%
Magic:  3/25       EV: 14    Int: 20    God:    Yredelemnul [****..]
Gold:   1095       SH:  0    Dex:  9    Spells: 20/30 levels left

rFire    . . .     SeeInvis .   F - +2 trident (venom)
rCold    . . .     Gourm    .   (no shield)
rNeg     . . .     Faith    .   a - +1 robe
rPois    .         Spirit   .   (helmet restricted)
rElec    .         Reflect  .   O - +2 cloak
rCorr    .         Harm     .   (gloves unavailable)
MR       +....     Rnd*Rage +   (boots unavailable)
Stlth    +.........             (no amulet)
HPRegen  0.31/turn              q - ring of wizardry
MPRegen  0.19/turn              R - +2 ring of evasion

@: lethally poisoned (-7 -> -26)
A: unfitting armour, hooves 1, berserk 1, robust 1, tough skin 1
a: Recall Undead Slaves, Injury Mirror, Animate Dead, Drain Life, Renounce
Religion


You were on level 5 of the Lair of Beasts.
You worshipped Yredelemnul.
Yredelemnul was greatly pleased with you.
You were not hungry.

You visited 3 branches of the dungeon, and saw 14 of its levels.
You also visited: Ossuary and Bailey.

You collected 1095 gold pieces.

Inventory:

Hand Weapons
 o - a +1 mace of draining
 E - a +2 whip of freezing
 F - a +2 trident of venom (weapon)
 G - a +1 vampiric battleaxe
Missiles
 u - 8 curare-tipped needles
Armour
 a - a +1 robe (worn)
 N - a +2 robe of the Archmagi
 O - a +2 cloak (worn)
Magical Staves
 j - an uncursed staff of air
 A - an uncursed staff of power
 M - an uncursed staff of earth {unknown}
Jewellery
 e - an uncursed ring of protection from magic
 g - an uncursed ring of stealth
 q - a ring of wizardry (left hand)
 x - an uncursed ring of protection from fire
 C - a +4 ring of dexterity
 P - an uncursed ring of flight
 R - a +2 ring of evasion (right hand)
Wands
 h - a wand of scattershot (4/9)
 n - a wand of digging (3/24)
 s - a wand of polymorph (12/24)
 T - a wand of enslavement (12/24)
 U - a wand of polymorph (13/24)
Scrolls
 d - a scroll of magic mapping
 i - 2 scrolls of fear
 l - 7 scrolls of remove curse
 m - 3 scrolls of enchant armour
 p - 3 scrolls of amnesia
 t - 2 scrolls of teleportation {unknown}
 y - 6 scrolls of identify
 H - a scroll of immolation
 W - a scroll of fog
Potions
 f - a potion of heal wounds {unknown}
 k - 2 potions of brilliance
 z - 3 potions of agility
 I - a potion of flight {unknown}
 J - a potion of berserk rage {unknown}
 L - 3 potions of curing
 V - a potion of lignification
Books
 b - a book of Flames

   Spells                             Type                      Level
   a - Flame Tongue                   Conjuration/Fire             1
   b - Throw Flame                    Conjuration/Fire             2
   c - Conjure Flame                  Conjuration/Fire             3
   d - Inner Flame                    Hexes/Fire                   3
   e - Sticky Flame                   Conjuration/Fire             4
   f - Fireball                       Conjuration/Fire             5
 B - a book of Cantrips

   Spells                             Type                      Level
   a - Confusing Touch                Hexes                        1
   b - Animate Skeleton               Necromancy                   1
   c - Summon Small Mammal            Summoning                    1
   d - Apportation                    Translocation                1
 D - a book of Changes

   Spells                             Type                      Level
   a - Beastly Appendage              Transmutation                1
   b - Sticks to Snakes               Transmutation                2
   c - Spider Form                    Transmutation/Poison         3
   d - Ice Form                       Ice/Transmutation            4
   e - Blade Hands                    Transmutation                5
 Q - a book of Frost

   Spells                             Type                      Level
   a - Freeze                         Ice                          1
   b - Throw Frost                    Conjuration/Ice              2
   c - Ozocubu's Armour               Charms/Ice                   3
   d - Throw Icicle                   Conjuration/Ice              4
   e - Summon Ice Beast               Ice/Summoning                4
Miscellaneous
 K - a phial of floods (inert)
 S - a phantom mirror
 Y - a crystal ball of energy
Comestibles
 c - 7 bread rations
 r - 8 royal jellies
 w - 3 meat rations
 X - 5 chunks of flesh


   Skills:
 - Level 7.7 Fighting
 * Level 3.9 Polearms
 - Level 4.8 Armour
 - Level 5.7 Dodging
 - Level 1.4 Stealth
 + Level 9.8 Spellcasting
 * Level 10.6 Conjurations
 * Level 10.8 Fire Magic
 + Level 3.8 Invocations


You had 20 spell levels left.
You knew the following spells:

 Your Spells              Type           Power        Failure   Level  Hunger
a - Flame Tongue          Conj/Fire      #####        1%          1    None
b - Sticky Flame          Conj/Fire      ######..     1%          4    ##.....
c - Fireball              Conj/Fire      ######....   1%          5    #####..


Dungeon Overview and Level Annotations

Branches:
Dungeon (8/15)             Temple (1/1) D:6            Lair (5/6) D:8
  Swamp (0/4) Lair:2       Spider (0/4) Lair:3
  Slime: Lair:5-6

Altars:
Ashenzari
Cheibriados
Dithmenos
Elyvilon
Fedhas
Gozag
Hepliaklqana
Kikubaaqudgha
Makhleb
Nemelex Xobeh
Okawaru
Qazlal
Ru
Sif Muna
Trog
Uskayaw
Vehumet
Wu Jian
Xom
Yredelemnul
Zin
The Shining One

Shops:
D:8 =


Innate Abilities, Weirdness & Mutations

You are too large for most types of armour.
You have tough skin. (AC +1)
You have large cloven feet.
You tend to lose your temper in combat.
You are robust. (+10% HP)


Message History

The fiery explosion engulfs the queen bee.
The queen bee explodes!
The fiery explosion engulfs your flying skull.
Your flying skull resists.
Your flying skull explodes!
The fiery explosion engulfs the killer bee.
The killer bee explodes!
The fiery explosion engulfs the flying skull.
The flying skull resists.
The flying skull explodes!
The fiery explosion engulfs your water moccasin zombie.
Your water moccasin zombie explodes!
The fiery explosion engulfs the flying skull.
The flying skull resists.
The flying skull explodes!
The fiery explosion engulfs the crocodile zombie.
The crocodile zombie is severely damaged.
The fiery explosion engulfs you!
You die...
Your body rises from the dead as a mindless zombie.

..................
..............y...#%.
........#........y#y%
......##........yy..
......P##.P...§§§y#
.....P.###....§§§§######
.......###...§§§§§......
......#......§§§§§......
....♣♣♣......§.Z@§§.....
..♣♣♣♣....#.#...........
♣♣♣♣P♣.....######.......
.♣ ♣P.♣♣...# #...... ♣P♣
♣.♣♣♣#### ...... ♣♣♣♣♣.
...... ♣♣.♣.♣ .....
.♣.♣♣ ..... ≈≈≈≈≈≈


You could see a meliai, 4 killer bees and a crocodile zombie (inner flame).

Vanquished Creatures
  A catoblepas (Lair:2)
  Nergalle (Lair:3)
  Pikel (D:7)
  7 spiny frogs
  3 komodo dragons
  2 meliai (Lair:5)
  A polar bear (Lair:4)
  Grinder (D:6)
  Prince Ribbit (Lair:2)
  5 blink frogs
  6 hippogriffs
  7 yaks
  A basilisk (Lair:1)
  A hungry ghost (D:7)
  Menkaure (D:7)
  2 hell hounds (D:8)
  7 water moccasins
  4 porcupines
  13 orc warriors
  A slave (D:7)
  4 ice beasts
  2 black bears
  2 phantoms
  A wolf (Lair:5)
  7 ogres
  11 centaurs
  4 crocodiles
  A big kobold (D:7)
  6 bullfrogs
  A scorpion (D:6)
  11 killer bees
  4 wights (D:6)
  5 electric eels
  A crimson imp (D:6)
  A bullfrog zombie (D:7)
  2 centaur zombies (Ossuary)
  A hound (D:7)
  8 orc wizards
  2 orc priests
  A centaur skeleton (D:8)
  7 jellies
  Jessica (D:3)
  An iguana (D:6)
  3 worker ants
  5 big kobold zombies (Ossuary)
  A hound skeleton (D:7)
  2 mummies (Ossuary)
  4 adders
  3 gnolls (D:5)
  2 shadow imps (D:8)
  5 oozes (D:8)
  An adder zombie (D:6)
  5 worms
  2 dart slugs (D:1)
  8 leopard geckos
  40 orcs
  7 giant cockroaches
  2 gnoll zombies (Ossuary)
  7 goblins
  9 hobgoblins
  9 jackals
  7 quokkas
  A ball python (D:2)
  7 bats
  3 frilled lizards
  2 goblin zombies (Ossuary)
  A hobgoblin zombie (Ossuary)
  8 kobolds
  2 orc zombies (Ossuary)
  7 rats
  6 plants
309 creatures vanquished.

Vanquished Creatures (collateral kills)
  Harold (Lair:1)
  2 oklob plants (Lair:2)
  A black mamba (Lair:4)
  A spiny frog (Lair:3)
  A hippogriff (Lair:4)
  3 blink frogs (Lair:2)
  3 yaks
  A water moccasin (Lair:4)
  2 crocodiles
  2 bullfrogs (Lair:3)
  2 killer bees (Lair:5)
  3 fungi (Lair:2)
  6 plants
28 creatures vanquished.

Vanquished Creatures (others)
  A flying skull (Lair:5)
  3 slaves (D:7)
  3 blink frog zombies (Lair:2)
  A hippogriff zombie (D:8)
  2 water moccasin zombies
  2 yak zombies (Lair:2)
  A wight (Lair:3)
  A basilisk zombie (Lair:1)
  A porcupine zombie (Lair:3)
  An ogre zombie (D:8)
  An electric eel zombie (Lair:4)
  A leopard gecko zombie (D:8)
  A fungus (Lair:2)
19 creatures vanquished.

Grand Total: 356 creatures vanquished

Notes
Turn   | Place    | Note
-------+----------+-------------------------------------------
     0 | D:1      | Jeffwins the Ogre Fire Elementalist began the quest for the Orb.
     0 | D:1      | Reached XP level 1. HP: 16/16 MP: 3/3
     8 | D:1      | Reached skill level 1 in Conjurations
    79 | D:1      | Reached XP level 2. HP: 16/24 MP: 0/5
   700 | D:1      | Reached XP level 3. HP: 31/31 MP: 4/7
  1330 | D:2      | You fall through a shaft for 2 floors!
  1598 | D:4      | Reached XP level 4. HP: 33/39 MP: 1/9
  1622 | D:4      | Learned a level 4 spell: Sticky Flame
  1996 | D:4      | Found a glowing golden altar of the Shining One.
  2181 | D:3      | Noticed Jessica
  2193 | D:3      | Killed Jessica
  2193 | D:3      | Reached XP level 5. HP: 42/45 MP: 1/10
  2750 | D:2      | Learned a level 5 spell: Fireball
  3536 | D:3      | Found an iron altar of Okawaru.
  3921 | D:3      | You fall through a shaft for 3 floors!
  3921 | D:6      | Noticed Grinder
  3922 | D:6      | Gained mutation: You are frail. (-10% HP) [potion of mutation]
  3922 | D:6      | Gained mutation: Your movements are slightly less encumbered by armour. (ER -2) [potion of mutation]
  3929 | D:6      | Killed Grinder
  3929 | D:6      | Reached XP level 6. HP: 47/47 MP: 3/13
  3975 | D:6      | Reached XP level 7. HP: 48/53 MP: 4/14
  4043 | D:5      | Entered Level 5 of the Dungeon
  4325 | D:4      | Reached skill level 5 in Spellcasting
  4529 | D:4      | Found a shimmering altar of Xom.
  4534 | D:4      | Found a shattered altar of Ashenzari.
  4535 | D:4      | Found a glowing silver altar of Zin.
  4618 | D:4      | Reached skill level 5 in Conjurations
  4799 | D:3      | Reached skill level 5 in Fire Magic
  4964 | D:5      | Reached XP level 8. HP: 56/60 MP: 9/16
  5104 | D:5      | Found a white marble altar of Elyvilon.
  5104 | D:5      | Found a snail-covered altar of Cheibriados.
  5703 | D:6      | Found a staircase to the Ecumenical Temple.
  5713 | Temple   | Entered the Ecumenical Temple
  5801 | Temple   | Became a worshipper of Yredelemnul the Dark
  6156 | D:6      | Found a stormy altar of Qazlal.
  6437 | D:6      | Reached XP level 9. HP: 61/66 MP: 13/18
  7162 | D:7      | Found a sand-covered staircase.
  7173 | Ossuary  | Entered an ossuary
  7736 | D:7      | Reached * piety under Yredelemnul
  7737 | D:7      | Found a flagged portal.
  7738 | D:7      | Noticed Menkaure
  7747 | D:7      | Killed Menkaure
  7853 | Bailey   | Entered a bailey
  9482 | Bailey   | Reached XP level 10. HP: 63/72 MP: 5/21
  9676 | Bailey   | Reached skill level 5 in Dodging
  9676 | Bailey   | Reached XP level 11. HP: 99/99 MP: 22/22
  9836 | Bailey   | Reached ** piety under Yredelemnul
 10028 | D:7      | Found an ornate altar of the Wu Jian Council.
 10047 | D:7      | Noticed Pikel
 10061 | D:7      | Killed Pikel
 10809 | D:7      | Lost mutation: You are frail. (-10% HP) [potion of mutation]
 10809 | D:7      | Lost mutation: Your movements are slightly less encumbered by armour. (ER -2) [potion of mutation]
 10809 | D:7      | Gained mutation: You have large cloven feet. [potion of mutation]
 10809 | D:7      | Gained mutation: You tend to lose your temper in combat. [potion of mutation]
 10809 | D:7      | Gained mutation: You are robust. (+10% HP) [potion of mutation]
 11293 | D:8      | Found a bloodstained altar of Trog.
 11359 | D:8      | Found Caish's Jewellery Shop.
 11703 | D:8      | Found a staircase to the Lair.
 11772 | D:8      | HP: 5/121 [hell hound/blast of flame (8)]
 11773 | D:8      | HP: 1/121 [hell hound/blast of flame (4)]
 12642 | D:8      | Reached *** piety under Yredelemnul
 12995 | Lair:1   | Entered Level 1 of the Lair of Beasts
 13599 | Lair:1   | Noticed Harold
 13606 | Lair:1   | Killed Harold
 13606 | Lair:1   | Reached skill level 1 in Polearms
 14205 | Lair:2   | Reached XP level 12. HP: 130/130 MP: 16/25
 14576 | Lair:2   | Noticed a catoblepas
 14592 | Lair:2   | Killed a catoblepas
 14592 | Lair:2   | Reached skill level 1 in Invocations
 14894 | Lair:2   | Noticed Prince Ribbit
 14913 | Lair:2   | Killed Prince Ribbit
 15399 | Lair:2   | Reached skill level 10 in Conjurations
 15399 | Lair:2   | Reached skill level 10 in Fire Magic
 15435 | Lair:2   | Found a staircase to the Swamp.
 15661 | Lair:2   | Received a gift from Yredelemnul (a wight)
 16245 | Lair:3   | Noticed Nergalle
 16259 | Lair:3   | Killed Nergalle
 16521 | Lair:3   | Found a hole to the Spider Nest.
 17792 | Lair:5   | Reached **** piety under Yredelemnul
 18256 | Lair:5   | Received a gift from Yredelemnul (4 flying skulls)
 18267 | Lair:5   | Killed from afar by a flying skull

Vault maps used:
D:1:      shiori_shiawase
D:2:      minmay_tromino_v4_b
D:3:      okawaru_metal_pillars_1_2, uniq_jessica
D:4:      minitemple, first_bread, nicolae_tso_swordbearing_angel
D:5:      gammafunk_temple_overflow_pools, serial_bayou_crossing
D:6:      lemuel_coloured_pillars_altar, temple_statues, uniq_grinder
D:7:      lemuel_doored_altar, nicolae_ossuary_entry_monument, enter_bailey_2,
          uniq_menkaure, uniq_pikel
D:8:      minmay_lair_entry_lava, serial_shops, nicolae_shop_statue_plus,
          hangedman_little_slice_of_home, bloody_trog
Temple:   zaba_magenta_temple
Lair:1:   uniq_harold
Lair:2:   swamp_mist_pool, infiniplex_staircase_pool_2,
          minmay_lair_oklob_chamber, uniq_prince_ribbit2
Lair:3:   dummy_spider_entry, wad_woods_road_03, infiniplex_staircase_pool,
          uniq_nergalle
Lair:4:   st_stairs_10, nicolae_quartered_pool_little
Lair:5:   dpeg_slime_entry_enclosed_altar, special_room, serial_bayou_shore_b,
          wad_woods_river_01
Ossuary:  minmay_ossuary_gauntlet
Bailey:   bailey_polearm_flooded_kennysheep, bailey

Skill      XL: |  1  2  3  4  5  6  7  8  9 10 11 12 |
---------------+-------------------------------------+-----
Conjurations   | 1 2 4 5 6 8 9 10 | 10.6
Spellcasting   | 3 4 5 6 7 9 |  9.8
Fire Magic     | 3 4 5 6 8 9 10 | 10.8
Fighting       | 7 |  7.7
Armour         | 4 |  4.8
Dodging        | 5 |  5.7
Polearms       | 1 3 |  3.9
Invocations    | 3 |  3.8
Stealth        | |  1.4

Action                   |  1- 3 |  4- 6 |  7- 9 | 10-12 || total
-------------------------+-------+-------+-------+-------++-------
Melee: Club              |    45 |     6 |       |       ||    51
       Mace              |       |    47 |   160 |    14 ||   221
       War axe           |       |       |    29 |       ||    29
       Trident           |       |       |       |   261 ||   261
       Whip              |       |       |       |    66 ||    66
       Kick              |       |       |       |    62 ||    62
 Cast: Flame Tongue      |    56 |    64 |   139 |    79 ||   338
       Sticky Flame      |       |     2 |    36 |    97 ||   135
       Fireball          |       |       |    13 |    21 ||    34
Invok: Animate Dead      |       |       |       |    21 ||    21
       Animate Remains   |       |       |       |     3 ||     3
       Recall Undead Sla |       |       |       |     4 ||     4
Evoke: Phial of floods   |       |       |       |     1 ||     1
  Use: Scroll            |       |     7 |     5 |     4 ||    16
       Potion            |       |     2 |     1 |     7 ||    10
 Stab: Sleeping          |       |       |     5 |     2 ||     7
  Eat: Chunk             |     1 |     8 |    18 |    35 ||    62
       Fruit             |       |     1 |     2 |       ||     3
       Royal jelly       |       |       |     3 |     4 ||     7
       Meat ration       |       |       |       |     1 ||     1
Armor: Robe              |    15 |    26 |    62 |    77 ||   180
       Skin              |       |     3 |       |    29 ||    32
Dodge: Dodged            |    43 |    40 |   152 |   270 ||   505
